 Dungeon Crawl Stone Soup version 0.31.0-11-ge490571c62 (webtiles) character file.

Game seed: 10740442746555585427

8 Gadfly the Trooper (level 2, 24/24 HPs)
             Began as a Demonspawn Monk on Jan 28, 2024.
             Quit the game on level 1 of the Dungeon.
             The game lasted 00:00:23 (188 turns).

Gadfly the Trooper (Demonspawn Monk)                 Turns: 188, Time: 00:00:24

Health: 24/24      AC:  2    Str: 11    XL:     2   Next: 0%
Magic:  2/2        EV: 13    Int: 10    God:
Gold:   9          SH:  0    Dex: 15    Spells: 1/1 levels left

rFire   . . .        b - +0 dagger (venom)
rCold   . . .        c - orb {light}
rNeg    . . .        a - +0 robe
rPois   .            (no helmet)
rElec   .            (no cloak)
rCorr   .            (no gloves)
SInv    .            (no boots)
Will    .....        (no amulet)
Stlth   +            (no ring)
HPRegen 0.24/turn    (no ring)
MPRegen 0.16/turn

%: no passive effects
@: glowing
A: magic regeneration
a: no special abilities


You were on level 1 of the Dungeon.
You visited 1 branch of the dungeon, and saw 1 of its levels.

You collected 9 gold pieces.

Inventory:

Hand Weapons
 b - a +0 dagger of venom (weapon)
Armour
 a - a +0 robe (worn)
 c - an orb of light (worn)
Scrolls
 d - a scroll of teleportation {unknown}
Potions
 e - a potion of heal wounds {unknown}
 f - a potion of ambrosia


   Skills:
 - Level 3.0 Fighting
 + Level 2.8 Dodging
 + Level 2.8 Unarmed Combat
 * Level 0.8 Evocations
 * Level 0.5 Shapeshifting


You had one spell level left.
You didn't know any spells.
Your spell library contained the following spells:

 Spells                   Type           Power      Damage    Failure   Level
 Sandblast                Erth           0%         2d4       36%         1
 Passwall                 Erth           0%         N/A       75%         3
 Stone Arrow              Conj/Erth      0%         3d7       75%         3
 Brom's Barrelling Bould  Conj/Erth      0%         2d3       98%         4


Dungeon Overview and Level Annotations

Branches:
Dungeon (1/15)

Altars:

Shops:
D:1 *


Innate Abilities, Weirdness & Mutations

You regenerate magic rapidly.


Message History

The endoplasm is severely wounded.
You kill the endoplasm!
No target in view!
No target in view!
No target in view!
No target in view!
No target in view!
No target in view!
No target in view!
You pick up a book of Geomancy and begin reading...
You add the spells Sandblast, Passwall, Stone Arrow and Brom's Barrelling Boulder to your library.
A quokka comes into view.
Found a sling.
A quokka is nearby!
Found Waptolum's General Store.
The quokka twitches its whiskers.
The quokka completely misses you.
You hit the quokka.
The quokka is heavily wounded.
The quokka bites you.
You hit the quokka.
You kill the quokka!
No target in view!
No target in view!
No target in view!
No target in view!
No target in view!
No target in view!
No target in view!
A goblin and a giant cockroach come into view.
There are monsters nearby!
A ball python comes into view.
The ball python hisses angrily.
You hit the giant cockroach.
The giant cockroach is poisoned.
The giant cockroach is severely wounded.
You kill the giant cockroach!
You have reached level 2!
Your demonic ancestry asserts itself...
Your magic begins to regenerate rapidly.
Are you sure you want to abandon this character and quit the game? (Confirm with "yes".)

....# #.... # #.....
. ...... .. #....S#
#### .. ....... #..
. .......## #.#
......g@###.########
....
.....∩.............#
...
........###..#.###.#
..# .......## #..#.#
#.## ..# #.......
##..#.###..# # ..#
#.......
........##.#.# ..#
#..#.#.#
##......##.#.#
..#######..#.#.
#...........#
............
##.....##.###


You could see a goblin and a ball python.

Vanquished Creatures
  A ball python (D:1)
  An endoplasm (D:1)
  2 giant cockroaches (D:1)
  A quokka (D:1)
  A goblin (D:1)
  A rat (D:1)
7 creatures vanquished.

Notes
Turn   | Place    | Note
-------+----------+-------------------------------------------
     0 | D:1      | Gadfly the Demonspawn Monk began the quest for the Orb.
     0 | D:1      | Reached XP level 1. HP: 18/18 MP: 1/1
   178 | D:1      | Found Waptolum's General Store.
   188 | D:1      | Gained mutation: You regenerate magic rapidly. [demonic
                  | ancestry]
   188 | D:1      | Reached XP level 2. HP: 24/24 MP: 2/2
   188 | D:1      | Quit the game

Illustrated notes

Levels and vault maps discovered:
D:1:      ebering_hopf_link, layout_loops_ring, serial_shops, shop

Action                     || total
---------------------------++-------
  Melee: Unarmed           ||    14
         Dagger            ||     4
 Armour: Robe              ||     7
  Dodge: Dodged            ||    11
